 Dungeon Crawl Stone Soup version 0.27.1-33-g824d729ab1 (webtiles) character file.

Game seed: 10034825762268559325

750 pkoi the Grappler (level 7, -1/55 HPs)
             Began as a White Draconian Gladiator on Dec 7, 2021.
             Was an Initiate of Dithmenos.
             Slain by Duvessa (18 damage)
             ... on level 5 of the Dungeon.
             The game lasted 00:10:34 (7834 turns).

pkoi the Grappler (White Draconian Gladiator)       Turns: 7834, Time: 00:10:35

Health: -1/55      AC:  6    Str: 16    XL:     7   Next: 48%
Magic:  0/7        EV: 16    Int: 11    God:    Dithmenos [......]
Gold:   224        SH:  0    Dex: 12    Spells: 4/6 levels left

rFire    + . .     SeeInvis .     - Unarmed
rCold    + + .     Faith    .   (no shield)
rNeg     . . .     Spirit   .   (armour unavailable)
rPois    +         Reflect  .   a - +0 hat
rElec    +         Harm     .   (no cloak)
rCorr    +         Rampage  .   (no gloves)
Will     +....                  (no boots)
Stlth    +.........             (no amulet)
HPRegen  0.18/turn              q - ring of willpower
MPRegen  0.10/turn              l - +4 ring of evasion

@: short of breath, resistant
A: breathe frost, AC +6, unfitting armour, cold resistance 1, cold-blooded
a: Breathe Frost, Renounce Religion


You were on level 5 of the Dungeon.
You worshipped Dithmenos.
Dithmenos was noncommittal.
You visited 2 branches of the dungeon, and saw 7 of its levels.

You collected 224 gold pieces.

Inventory:

Hand Weapons
 h - the +8 war axe of the Unstoppable Moons {vorpal, rPois Int+4}
   (You found it on level 5 of the Dungeon)

   It inflicts extra damage upon your enemies.
   Int:       It affects your intelligence (+4).
   rPois:     It protects you from poison.
Missiles
 b - 3 throwing nets (quivered)
 d - 19 poisoned darts
Armour
 a - a +0 hat (worn)
Jewellery
 c - a ring of positive energy
 j - a ring of positive energy
 l - a +4 ring of evasion (right hand)
 m - a ring of fire
 q - a ring of willpower (left hand)
Scrolls
 f - a scroll of identify
 n - a scroll of teleportation
Potions
 e - a potion of heal wounds
 g - a potion of attraction
 k - 3 potions of curing


   Skills:
 - Level 2.1 Fighting
 - Level 1.7 Throwing
 - Level 2.6 Dodging
 + Level 8.9 Unarmed Combat


You had 4 spell levels left.
You knew the following spells:

 Your Spells              Type           Power      Damage    Failure   Level
a - Passwall              Tmut/Erth      0%         N/A       47%         2

Your spell library contained the following spells:

 Spells                   Type           Power      Damage    Failure   Level
 Foxfire                  Conj/Fire      0%         2x1d4     34%         1
 Sandblast                Erth           0%         2d4       34%         1
 Call Canine Familiar     Summ           0%         N/A       71%         3
 Conjure Flame            Conj/Fire      0%         6-21      71%         3
 Inner Flame              Hex/Fire       0%         N/A       71%         3
 Portal Projectile        Hex/Tloc       0%         N/A       71%         3
 Leda's Liquefaction      Hex/Erth       0%         N/A       98%         4
 Lee's Rapid Deconstruct  Erth           0%         3d5*      100%        5


Dungeon Overview and Level Annotations

Branches:
Dungeon (6/15)             Temple (1/1) D:4

Altars:
Ashenzari
Cheibriados
Dithmenos
Fedhas
Gozag
Hepliaklqana
Kikubaaqudgha
Nemelex Xobeh
Qazlal
Ru
Sif Muna
Trog
Uskayaw
Vehumet
Wu Jian
Xom
Zin
The Shining One

Annotations:
D:5 Dowan, Duvessa


Innate Abilities, Weirdness & Mutations

You can breathe waves of freezing cold which knock back foes.
Your icy white scales are hard. (AC +6)
You cannot fit into any form of body armour.
Your flesh is cold resistant. (rC+)
You are cold-blooded and may be slowed by cold attacks.


Message History

The hound bites you.
You miss the hound.
You tail-slap the hound, but do no damage.
The hound is heavily wounded.
The hound closely misses you.
You hit the hound.
The hound is almost dead.
The hound barely misses you.
You punch the hound!
You kill the hound!
Dithmenos accepts your kill.
You punch Duvessa!
Duvessa is moderately wounded.
Dowan generates a fountain of clear water, and laughs cruelly.
Press: ? - help, Shift-Dir - straight line, f - Duvessa
Aim: Duvessa, wielding a +7 antimagic short sword and wearing a +0 chain mail (moderately wounded)
You exhale a wave of freezing cold.
The freezing breath misses Duvessa.
The freezing breath misses Dowan.
Duvessa completely misses you.
Unknown command.
You barely miss Duvessa.
Duvessa is moderately wounded.
Duvessa hits you with a +7 antimagic short sword.
* * * LOW HITPOINT WARNING * * *
You feel your power leaking away.
Dowan gestures wildly while chanting.
Dowan blinks!
You punch Duvessa!
Duvessa is heavily wounded.
Duvessa barely misses you.
You completely miss Duvessa.
You tail-slap Duvessa, but do no damage.
Duvessa is heavily wounded.
Duvessa hits you with a +7 antimagic short sword!
* * * LOW HITPOINT WARNING * * *
You feel your power leaking away.
Dowan gestures wildly while chanting.
Dowan blinks!
You feel protected.
Duvessa hits you with a +7 antimagic short sword!!
You die...

#......#.......#
#########...####
#...# ##ยง.#
#)[#####
#)>....#
#.####.# #e# #.#
###@# #.# #...#
#.# #.######.#
#......).#
##########


You could see Duvessa.

Vanquished Creatures
  Eustachio (D:5)
  An ogre (D:5)
  2 scorpions
  2 jellies (D:5)
  A hound (D:5)
  An orc priest (D:5)
  An iguana (D:5)
  Natasha (twice) (D:3 D:2)
  An orc wizard (D:5)
  A howler monkey zombie (D:4)
  4 adders
  4 gnolls
  2 white imps (D:5)
  An adder skeleton (D:3)
  A worm (D:3)
  A dart slug (D:3)
  12 orcs
  4 endoplasms
  3 giant cockroaches
  8 goblins
  9 hobgoblins
  2 jackals (D:1)
  8 quokkas
  A ball python (D:1)
  8 bats
  3 frilled lizards
  3 kobolds
  A rat (D:3)
88 creatures vanquished.

Notes
Turn   | Place    | Note
-------+----------+-------------------------------------------
     0 | D:1      | pkoi the Draconian Gladiator began the quest for the Orb.
     0 | D:1      | Reached XP level 1. HP: 17/17 MP: 1/1
   103 | D:1      | Reached XP level 2. HP: 18/24 MP: 2/2
   437 | D:1      | Reached skill level 4 in Unarmed Combat
   972 | D:1      | Reached XP level 3. HP: 29/29 MP: 3/3
  2230 | D:2      | Found a faded altar of an unknown god.
  2380 | D:1      | Reached skill level 5 in Unarmed Combat
  2380 | D:1      | Reached XP level 4. HP: 36/36 MP: 4/4
  2850 | D:3      | Noticed Natasha
  2858 | D:3      | Killed Natasha
  2926 | D:3      | Found a hide-covered altar of Uskayaw.
  3217 | D:3      | Noticed Natasha
  3236 | D:2      | Killed Natasha
  3237 | D:2      | Reached XP level 5. HP: 40/41 MP: 5/5
  3287 | D:3      | Reached skill level 6 in Unarmed Combat
  3887 | D:4      | Found a sacrificial altar of Ru.
  3888 | D:4      | You are sucked into a shaft and drop 1 floor!
  3888 | D:5      | Entered Level 5 of the Dungeon
  4402 | D:4      | Became a worshipper of Ru the Awakened
  4774 | D:4      | Found a staircase to the Ecumenical Temple.
  4814 | D:4      | Found a bloodstained altar of Trog.
  4851 | D:4      | Noticed an ogre
  5105 | Temple   | Entered the Ecumenical Temple
  5363 | D:4      | Reached skill level 7 in Unarmed Combat
  5363 | D:4      | Reached XP level 6. HP: 48/48 MP: 6/6
  5870 | D:5      | Found a radiant altar of Vehumet.
  6081 | D:5      | Found a stormy altar of Qazlal.
  6177 | D:5      | Identified the +8 war axe of the Unstoppable Moons {vorpal,
                  | rPois Int+4}
  6416 | D:5      | Noticed Eustachio
  6421 | D:5      | Reached skill level 8 in Unarmed Combat
  6681 | D:5      | Killed Eustachio
  6682 | D:5      | Your scales start taking on an icy white colour.
  6682 | D:5      | Reached XP level 7. HP: 43/55 MP: 7/7
  6682 | D:5      | Gained mutation: Your flesh is cold resistant. (rC+) [White
                  | Draconian growth]
  6686 | D:5      | Learned a level 2 spell: Passwall
  7160 | D:5      | Found an ancient bone altar of Kikubaaqudgha.
  7424 | Temple   | Fell from the grace of Ru
  7424 | Temple   | Became a worshipper of Dithmenos the Shadowed
  7789 | D:6      | Noticed Dowan
  7790 | D:6      | Noticed Duvessa
  7834 | D:5      | Slain by Duvessa

Illustrated notes

Levels and vault maps discovered:
D:1:      erik_arrival_triangle_large, layout_basic
D:2:      layout_basic, shapermc_ecumenical_altar_mp_vishouse,
          minmay_misc_feat_columns
D:3:      layout_rooms, nicolae_uskayaw_dance_hall, uniq_natasha
D:4:      layout_loops_ring, kennysheep_little_box,
          nicolae_ru_sacrificial_ziggurat, temple_hall, minmay_misc_feat_five,
          feat_on_display
D:5:      layout_basic, mainiacjoe_overflow_six_doors_small,
          nicolae_overflow_hidden_temple, mainiacjoe_overflow_tiny_flanked,
          uniq_eustachio
D:6:      layout_cave_pools, serial_shops, nicolae_shop_statue_plus,
          uniq_duvessa, uniq_sigmund
Temple:   minmay_temple_bridge_abc

Skill      XL: |  1  2  3  4  5  6 |
---------------+-------------------+-----
Unarmed Combat | 4 5 7 8 |  8.9
Fighting       | |  2.1
Throwing       | |  1.7
Dodging        | |  2.6

Action                   |  1- 3 |  4- 6 |  7- 9 || total
-------------------------+-------+-------+-------++-------
Melee: Unarmed           |   139 |   203 |    34 ||   376
       Tailslap          |    19 |    28 |     6 ||    53
       Punch             |     6 |     6 |       ||    12
       War axe           |       |     9 |       ||     9
 Abil: Breathe Frost     |       |       |     1 ||     1
  Use: Scroll            |       |     9 |       ||     9
       Potion            |       |     7 |     1 ||     8
 Stab: Distracted        |     1 |       |       ||     1
       Sleeping          |       |     1 |       ||     1
Armor: Skin              |    56 |    34 |    10 ||   100
Dodge: Dodged            |   104 |   119 |    32 ||   255
